 Dungeon Crawl Stone Soup version 0.26.0-16-gc1dbca0489 (webtiles) character file.

Game seed: 10062256690677942843

15 EnegeticOcto the Stinger (level 2, -3/20 HPs)
             Began as a Gnoll Venom Mage on Jan 20, 2021.
             Slain by a worm (9 damage)
             ... on level 2 of the Dungeon.
             The game lasted 00:02:25 (316 turns).

EnegeticOcto the Stinger (Gnoll Venom Mage)          Turns: 316, Time: 00:02:25

Health: -3/20      AC:  2    Str: 10    XL:     2   Next: 50%
Magic:  7/7        EV: 14    Int: 17    God:
Gold:   62         SH:  0    Dex: 15    Spells: 9/10 levels left

rFire    . . .     SeeInvis .   n - +0 quarterstaff
rCold    . . .     Faith    .   (shield currently unavailable)
rNeg     . . .     Spirit   .   a - +0 robe
rPois    .         Reflect  .   (no helmet)
rElec    .         Harm     .   (no cloak)
rCorr    .         Rampage  .   (no gloves)
Will     .....     Rnd*Tele +   (no boots)
Stlth    ++........             b - amulet of regeneration
HPRegen  0.46/turn              f - ring of attention (curse)
MPRegen  0.10/turn              m - ring of teleportation (curse)

@: no status effects
A: distributed training, fangs 1, strong nose
a: no special abilities


You were on level 2 of the Dungeon.
You visited 1 branch of the dungeon, and saw 3 of its levels.

You collected 62 gold pieces.

Inventory:

Hand Weapons
 c - a +1 dagger of venom
   (You found it on level 3 of the Dungeon)
 e - a +0 spear
   (You found it on level 1 of the Dungeon)
 n - a +0 quarterstaff (weapon)
   (You found it on level 2 of the Dungeon)
Missiles
 o - 4 curare-tipped darts
Armour
 a - a +0 robe (worn)
Jewellery
 b - an amulet of regeneration (around neck)
   (You found it on level 1 of the Dungeon)
 f - a cursed ring of attention (left hand)
   (You found it on level 1 of the Dungeon)
 m - a cursed ring of teleportation (right hand)
   (You found it on level 3 of the Dungeon)
Potions
 d - 5 potions of curing {@q1 !q}
 h - 2 potions of flight
 i - a potion of attraction {unknown}
 j - a potion of degeneration {unknown}
 l - a potion of resistance {unknown}


   Skills:
 + Level 0.4 Fighting
 + Level 0.4 Short Blades
 + Level 0.4 Long Blades
 + Level 0.4 Axes
 + Level 0.4 Maces & Flails
 + Level 0.4 Polearms
 + Level 0.4 Staves
 + Level 0.4 Slings
 + Level 0.4 Bows
 + Level 0.4 Crossbows
 + Level 0.4 Throwing
 + Level 0.4 Armour
 + Level 4.5 Dodging
 + Level 4.1 Stealth
 + Level 0.4 Shields
 + Level 0.4 Unarmed Combat
 + Level 4.9 Spellcasting
 + Level 0.2 Conjurations
 + Level 0.2 Hexes
 + Level 0.2 Summonings
 + Level 0.2 Necromancy
 + Level 0.2 Translocations
 + Level 2.0 Transmutations
 + Level 0.2 Fire Magic
 + Level 0.2 Ice Magic
 + Level 0.2 Air Magic
 + Level 0.2 Earth Magic
 + Level 5.3 Poison Magic
 + Level 0.5 Invocations
 + Level 0.4 Evocations


You had 9 spell levels left.
You knew the following spells:

 Your Spells              Type           Power        Failure   Level
a - Sting                 Tmut/Pois      64%          3%          1

Your spell library contained the following spells:

 Spells                   Type           Power        Failure   Level
 Poisonous Vapours        Pois/Air       26%          7%          2
 Ignite Poison            Fire/Tmut/Pois 12%          16%         3
 Olgreb's Toxic Radiance  Pois           22%          16%         4
 Mephitic Cloud           Conj/Pois/Air  10%          19%         3
 Confusing Touch          Hex            5%           36%         3
 Gell's Gravitas          Tloc           2%           36%         3
 Petrify                  Tmut/Erth      8%           65%         4
 Yara's Violent Unravell  Hex/Tmut       4%           94%         5
 Metabolic Englaciation   Hex/Ice        2%           98%         5


Dungeon Overview and Level Annotations

Branches:
Dungeon (3/15)

Altars:


Innate Abilities, Weirdness & Mutations

Your experience applies equally to all skills.
You have very sharp teeth.
Your uncanny sense of smell can sniff out nearby items.


Message History

Found a scroll labelled NOMEKH VUFATO.
Found a fuming coppery potion.
There is an open door here.
You feel sick.
Found a ring mail.
Found 18 gold pieces.
k - a scroll labelled NOMEKH VUFATO You feel sick.
You are no longer poisoned.
An orc comes into view. It is wielding a +0 hand axe.
You see here a fuming coppery potion.
l - a fuming coppery potion The orc shouts!
Found a black potion.
A goblin comes into view. It is wielding a +0 club.
You see here 18 gold pieces.
You now have 59 gold pieces (gained 18).
The orc hits you with a +0 hand axe.
You are too injured to fight recklessly!
You are too injured to fight recklessly!
You hit the orc.
The orc is poisoned.
The orc is severely wounded.
The orc barely misses you.
You closely miss the orc.
The orc is severely wounded.
The orc barely misses you.
You kill the orc!
Found a tourmaline ring.
h - 2 black potions (gained 1)
A goblin comes into view. It is wielding a +0 club.
The goblin shouts!
You see here a tourmaline ring.
You feel slightly jumpy.
Oops, that ring feels deathly cold.
m - a cursed ring of teleportation (right hand)
You open the door. The goblin barely misses you.
You barely miss the goblin. The goblin hits you but does no damage.
You hit the goblin.
The goblin is poisoned.
The goblin is severely wounded.
You kill the goblin!
Found 3 gold pieces.
You now have 62 gold pieces (gained 3).
Found a stone staircase leading up.
A frilled lizard comes into view.
Found a stone staircase leading down.
The frilled lizard hisses angrily.
The frilled lizard misses you.
The goblin shouts!
You hear a shout!
There is a stone staircase leading up here.
The frilled lizard bites you.
You climb upwards.
The hobgoblin shouts!
Found a ring mail.
Found a stone staircase leading up.
There is a stone staircase leading down here.
You hit the frilled lizard.
You kill the frilled lizard!
You hit the hobgoblin.
The hobgoblin is poisoned.
The hobgoblin is moderately wounded.
The hobgoblin hits you with a +0 club.
You hit the hobgoblin.
You kill the hobgoblin!
Found 19 stones.
A kobold comes into view. It is wielding a +0 short sword.
There is a stone staircase leading up here.
A ball python comes into view.
Found a golden potion.
You hit the ball python.
The ball python is poisoned.
The ball python is severely wounded.
You kill the ball python!
d - 5 golden potions (gained 1)
You see here a quarterstaff.
Your +1 dagger of venom stops dripping with poison.
n - a +0 quarterstaff (weapon)
You pick up a book of Misfortune and begin reading...
You add the spells Confusing Touch, Gell's Gravitas, Petrify, Metabolic Englaciation and Yara's Violent Unravelling to your library.
g - 2 scrolls labelled FUHEID CIWO (gained 1)
o - 4 curare-tipped darts
As you read the scroll labelled FUHEID CIWO, it crumbles to dust.
It is a scroll of identify.
d - 5 potions of curing
As you read the scroll of identify {@r1}, it crumbles to dust.
h - 2 potions of flight Blink to where?
Press: ? - help, Dir - move target
As you read the scroll labelled NOMEKH VUFATO, it crumbles to dust.
It was a scroll of blinking.
A worm comes into view.
Found a falchion and a ring mail.
A goblin comes into view.
You see here a ring mail.
The goblin shouts!
The goblin completely misses you. The worm bites you!
The goblin barely misses you. The goblin completely misses you.
The worm closely misses you. The goblin barely misses you.
The goblin barely misses you. The worm bites you!
Ouch! That really hurt!
* * * LOW HITPOINT WARNING * * *
The goblin barely misses you. The worm bites you!
You die...

#...........###.# #......#
#.............#.########.####
#.....[.....#.........##.....
#............##..............
#............##.......#######
#......)...#.##.........#####
####..........#...#........##
#.......g...............#.
#........@................
#########w#.....##........
#.##..............
#.##....##........
#.##............#.
#.##.##.#.†.....#. #.##.
#.##.###### #.##[.#..#.#####
#.##.......#


You could see a worm and a goblin.

Vanquished Creatures
  An orc (D:3)
  A ball python (D:2)
  A bat (D:3)
  2 goblins (D:3)
  4 hobgoblins
  A frilled lizard (D:2)
  A kobold (D:3)
  A rat (D:3)
12 creatures vanquished.

Notes
Turn   | Place    | Note
-------+----------+-------------------------------------------
     0 | D:1      | EnegeticOcto the Gnoll Venom Mage began the quest for the
                  | Orb.
     0 | D:1      | Reached XP level 1. HP: 13/13 MP: 6/6
   155 | D:2      | You fall into a shaft and drop 1 floor!
   165 | D:3      | Reached skill level 2 in Transmutations
   181 | D:3      | Reached XP level 2. HP: 12/19 MP: 2/7
   316 | D:2      | Slain by a worm

Illustrated notes

Levels and vault maps discovered:
D:1:      dpeg_arrival_boxes_within_box, layout_rooms
D:2:      layout_rooms, uniq_sigmund
D:3:      layout_basic, gammafunk_ghost_icy

Skill      XL: |  1 |
---------------+----+-----
Transmutations | 2 |  2.0
Fighting       | |  0.4
Short Blades   | |  0.4
Long Blades    | |  0.4
Axes           | |  0.4
Maces & Flails | |  0.4
Polearms       | |  0.4
Staves         | |  0.4
Slings         | |  0.4
Bows           | |  0.4
Crossbows      | |  0.4
Throwing       | |  0.4
Armour         | |  0.4
Dodging        | |  4.5
Stealth        | |  4.1
Shields        | |  0.4
Unarmed Combat | |  0.4
Spellcasting   | |  4.9
Conjurations   | |  0.2
Hexes          | |  0.2
Summonings     | |  0.2
Necromancy     | |  0.2
Translocations | |  0.2
Fire Magic     | |  0.2
Ice Magic      | |  0.2
Air Magic      | |  0.2
Earth Magic    | |  0.2
Poison Magic   | |  5.3
Invocations    | |  0.5
Evocations     | |  0.4

Action                   || total
-------------------------++-------
Melee: Spear             ||     3
       Dagger            ||    13
       Bite              ||     1
 Cast: Sting             ||     6
  Use: Scroll            ||     4
Armor: Robe              ||     9
Dodge: Dodged            ||    32
